AoeStats
← MIGAPULS94

Black Forest

505723137Analyzed
4v4 RM · 22d ago on Sep 10, 2026· 69m 26s· 8 players
Game mode
Random Map
Map size
Large (8 player)
Population
200
Speed
Normal
Resources
Standard
Victory
Conquest
Starting age
Dark Age
Ending age
Imperial Age
RankedLock teamsTeams togetherTeam positionsShared explorationLock speedFull tech treeHidden civsTurbo modeCheats
Victory
Defeat
🇮🇩 Magyars · Indonesia
773
+5
🇫🇷 Wei · France
754
+6
🇪🇸 Hindustanis · Spain
745
+6
🇫🇮 Celts · Finland
623
+11
🇨🇱 Japanese · Chile
636
-10
🇪🇸 Franks · Spain
565
-9
🇵🇪 Goths · Peru
475
-6
🇦🇷 Persians · Argentina
294
-3
LicenciadoXavi
4:49 Loom
19:44 Feudal Age
21:03 Wheelbarrow
20:15 Town Watch
27:34 Castle Age
25:43 Gold Mining
25:44 Stone Mining
25:42 Double-Bit Axe
27:56 Elite Skirmisher
27:58 Man-at-Arms
27:59 Pikeman
28:45 Squires
30:48 Forging
30:45 Scale Mail Armor
30:51 Scale Barding Armor
30:47 Padded Archer Armor
30:40 Fletching
32:23 Hand Cart
33:12 Long Swordsman
33:20 Crossbowman
38:35 Anarchy
38:47 Murder Holes
39:30 Ballistics
40:42 Horse Collar
43:30 Iron Casting
43:13 Chain Mail Armor
56:25 Imperial Age
61:17 Perfusion
62:29 Blast Furnace
61:26 Halberdier
MIGAPULS94
18:53 Feudal Age
20:09 Wheelbarrow
19:34 Double-Bit Axe
19:54 Horse Collar
21:55 Fishing Lines
31:09 Castle Age
30:32 Gold Mining
30:38 Stone Mining
32:35 Crossbowman
33:21 Thumb Ring
33:29 Fletching
33:39 Padded Archer Armor
33:58 Hand Cart
33:48 Heavy Plow
34:03 Bow Saw
35:03 Kamandaran
38:22 Caravan
39:04 Gold Shaft Mining
42:18 Imperial Age
40:51 Stone Shaft Mining
42:01 Leather Archer Armor
41:44 Bodkin Arrow
44:51 Two-Man Saw
44:44 Ballistics
44:21 Murder Holes
46:49 Citadels
54:55 Elite War Elephant
A
0:31 Loom
14:54 Feudal Age
15:23 Double-Bit Axe
19:26 Stone Mining
21:08 Gold Mining
25:30 Castle Age
25:05 Forging
24:47 Fletching
27:27 Gold Shaft Mining
27:24 Elite Skirmisher
29:09 Bow Saw
30:18 Fortified Wall
31:33 Wheelbarrow
32:20 Scale Mail Armor
33:11 Padded Archer Armor
37:39 Imperial Age
36:36 Hand Cart
36:57 Squires
37:55 Town Watch
41:03 Chemistry
40:24 Ballistics
40:21 Husbandry
39:43 Cavalier
39:43 Light Cavalry
40:48 Chivalry
41:46 Town Patrol
43:48 Masonry
44:29 Scale Barding Armor
45:01 Iron Casting
44:22 Bodkin Arrow
44:44 Leather Archer Armor
44:45 Chain Mail Armor
44:41 Onager
46:37 Chain Barding Armor
46:55 Hoardings
46:41 Conscription
46:43 #83
50:11 Blast Furnace
49:42 Plate Mail Armor
48:43 Pikeman
49:19 Paladin
53:24 Halberdier
54:54 Plate Barding Armor
56:25 Elite Throwing Axeman
KOGA
0:41 Loom
16:25 Feudal Age
16:57 Double-Bit Axe
16:53 Horse Collar
17:05 Gold Mining
18:51 Stone Mining
21:34 Wheelbarrow
27:18 Castle Age
25:47 Forging
25:38 Scale Mail Armor
25:29 Fletching
25:39 Padded Archer Armor
28:18 Hand Cart
28:25 Bow Saw
28:18 Heavy Plow
28:56 Gold Shaft Mining
28:50 Town Watch
30:38 Fortified Wall
33:13 Caravan
36:41 Imperial Age
34:25 Man-at-Arms
35:58 Squires
35:20 Pikeman
35:54 Treadmill Crane
36:53 Iron Casting
36:33 Chain Mail Armor
36:14 Bodkin Arrow
36:34 Leather Archer Armor
37:40 Town Patrol
40:17 Ballistics
39:38 Heavy Cavalry Archer
41:26 Parthian Tactics
40:38 Capped Ram
41:44 Conscription
43:07 Kataparuto
42:11 Long Swordsman
43:00 Elite Samurai
44:47 Thumb Ring
45:55 Blast Furnace
46:05 Hoardings
48:28 Halberdier
48:55 Gambesons
49:57 Plate Mail Armor
50:42 Bracer
50:12 Two-Handed Swordsman
50:39 Arson
54:11 Ring Archer Armor
54:55 Chemistry
56:02 Siege Engineers
glubix44
0:30 Loom
10:43 Feudal Age
12:03 Wheelbarrow
11:21 Double-Bit Axe
11:20 Horse Collar
14:45 Gold Mining
14:46 Stone Mining
23:21 Castle Age
25:02 Hand Cart
25:41 Thumb Ring
28:43 Heavy Plow
28:59 Bow Saw
32:06 Imperial Age
30:19 Caravan
32:00 Padded Archer Armor
31:51 Fletching
32:12 Forging
32:08 Scale Barding Armor
33:24 Gold Shaft Mining
33:29 Stone Shaft Mining
35:01 Bodkin Arrow
36:07 Parthian Tactics
37:44 Crop Rotation
40:27 Squires
40:13 Arson
40:51 Ballistics
40:27 Murder Holes
40:44 Masonry
42:11 Iron Casting
41:37 Bracer
41:53 Leather Archer Armor
41:59 Chain Barding Armor
44:02 Elite Tiger Cavalry
44:45 Tuntian
45:15 Ming Guang Armor
46:09 Blast Furnace
45:40 Ring Archer Armor
49:54 Scale Mail Armor
sergiomn19
1:32 Loom
14:55 Feudal Age
15:24 Town Watch
16:15 Wheelbarrow
15:31 Double-Bit Axe
15:31 Horse Collar
19:42 Gold Mining
22:36 Castle Age
23:56 Bow Saw
24:13 Heavy Plow
26:35 Hand Cart
27:27 Husbandry
27:45 Fletching
28:22 Light Cavalry
30:31 Bloodlines
31:20 Town Patrol
32:23 Gold Shaft Mining
31:53 Stone Mining
33:05 Caravan
33:28 Grand Trunk Road
34:39 Bodkin Arrow
34:59 Forging
34:56 Scale Barding Armor
36:09 Stone Shaft Mining
37:38 Iron Casting
37:24 Chain Barding Armor
40:46 Imperial Age
41:09 Heavy Camel Rider
41:11 Hussar
42:01 Bracer
43:49 Two-Man Saw
44:18 Blast Furnace
43:43 Imperial Camel Rider
45:03 Conscription
46:14 Plate Barding Armor
48:37 Hoardings
49:17 Ballistics
49:57 Chemistry
48:54 Murder Holes
49:11 Masonry
g1psy
0:35 Loom
17:08 Feudal Age
26:48 Castle Age
25:37 Double-Bit Axe
25:40 Horse Collar
25:53 Gold Mining
25:55 Stone Mining
32:17 Corvinian Army
36:45 Scale Barding Armor
40:04 Imperial Age
38:32 Bloodlines
38:22 Husbandry
40:04 Wheelbarrow
39:14 Town Watch
41:28 Hand Cart
41:13 Town Patrol
41:04 Light Cavalry
41:21 Elite Magyar Huszar
45:30 Heavy Cavalry Archer
46:35 Parthian Tactics
48:18 Chain Barding Armor
48:03 Padded Archer Armor
50:07 Plate Barding Armor
51:27 Leather Archer Armor
51:17 Treadmill Crane
51:58 Ballistics
55:01 Ring Archer Armor
54:36 Recurve Bow
55:00 Conscription
55:07 Conscription
55:03 Thumb Ring
55:36 Bow Saw
55:33 Heavy Plow
56:13 Gold Shaft Mining
57:51 Chemistry
jyri.hyppanen
15:22 Feudal Age
16:45 Wheelbarrow
15:53 Horse Collar
16:04 Double-Bit Axe
16:13 Gold Mining
16:14 Stone Mining
24:04 Castle Age
26:23 Hand Cart
26:22 Bow Saw
26:17 Heavy Plow
27:42 Arson
28:09 Forging
28:00 Scale Mail Armor
27:52 Fletching
31:44 Iron Casting
31:25 Chain Mail Armor
31:06 Bodkin Arrow
33:57 Imperial Age
32:45 Stone Shaft Mining
32:46 Gold Shaft Mining
32:34 Stronghold
35:55 Blast Furnace
35:26 Plate Mail Armor
34:23 Elite Woad Raider
35:25 Conscription
42:46 Hoardings
42:24 Loom
43:24 Ballistics
44:08 Chemistry
43:21 Masonry
43:22 Murder Holes
48:07 Siege Engineers
Connection lost

Rejoining the realm…

Still unreachable

The connection could not be restored.

Session expired

The server has moved on; the page needs a fresh start.